 Dungeon Crawl Stone Soup version 0.19.1 (webtiles) character file.

4955 JiminyMac the Fighter (level 10, -28/96 HPs)
             Began as a Minotaur Berserker on Apr 28, 2017.
             Was a High Priest of Trog.
             Annihilated by a very large slime creature (39 damage)
             ... on level 9 of the Dungeon.
             The game lasted 00:31:06 (8472 turns).

JiminyMac the Fighter (Minotaur Berserker)          Turns: 8472, Time: 00:31:06

Health: -28/96     AC: 15    Str: 26    XL:     10   Next: 28%
Magic:  9/9        EV:  6    Int:  4    God:    Trog [*****.]
Gold:   393        SH: 11    Dex: 14    Spells: 0 memorised, 9 levels left

rFire  + . .     SeeInvis +     A - +12 mace "Dragonslayer" {crush, -Tele rPois SInv}
rCold  . . .     Gourm    .     Q - +2 plate armour {rF+}
rNeg   . . .     Faith    .     C - +0 shield
rPois  +         Spirit   .     (helmet restricted)
rElec  .         Reflect  .     (no cloak)
rCorr  .         Harm     +     (no gloves)
MR     .....     NoTele   +     (no boots)
Stlth  ..........               x - amulet of harm
                                (no ring)
                                m - +5 ring of dexterity

@: no status effects
A: retaliatory headbutt, horns 2
a: Berserk, Trog's Hand, Brothers in Arms, Burn Spellbooks, Renounce Religion


You were on level 9 of the Dungeon.
You worshipped Trog.
Trog was extremely pleased with you.
You were not hungry.

You visited 1 branch of the dungeon, and saw 10 of its levels.

You collected 393 gold pieces.

Inventory:

Hand Weapons
 t - a +1 vampiric spear
 A - the +12 mace "Dragonslayer" (weapon) {crush, -Tele rPois SInv}
   (You found it on level 4 of the Dungeon)

   It inflicts extra damage upon your enemies.
   It protects you from poison.
   It lets you see invisible.
   It prevents most forms of teleportation.
 G - a +1 whip of electrocution
 P - a +0 war axe of electrocution
Armour
 h - a +0 ring mail
 p - a +0 plate armour
 C - a +0 shield (worn)
 Q - a +2 plate armour of fire resistance (worn)
Jewellery
 m - a +5 ring of dexterity (left hand)
 x - an amulet of harm (around neck)
Wands
 o - a wand of random effects (33/48)
 H - a wand of acid (10/15)
 L - a wand of iceblast (7/15)
 M - a wand of disintegration (18/24)
 N - a wand of paralysis (13/24)
 U - a wand of confusion (18/48)
Scrolls
 a - a scroll of magic mapping {unknown}
 c - a scroll of blinking
 e - 6 scrolls of identify
 f - 3 scrolls of noise {unknown}
 k - a scroll of fog
 s - a scroll of random uselessness {unknown}
 y - a scroll of recharging {unknown}
 B - 2 scrolls of teleportation {unknown}
 D - a scroll of enchant weapon {unknown}
 F - 2 scrolls of remove curse
 O - a scroll of enchant armour {unknown}
 R - a scroll of fear {unknown}
 T - a scroll of immolation {unknown}
Potions
 b - a potion of agility {unknown}
 d - 2 potions of might {unknown}
 i - 5 potions of curing {unknown}
 l - 5 potions of lignification
 n - 3 potions of flight {unknown}
 q - 2 potions of haste {unknown}
 u - 2 potions of brilliance {unknown}
 w - 5 potions of heal wounds {unknown}
 z - a potion of degeneration {unknown}
 E - 2 potions of cure mutation {unknown}
 I - a potion of berserk rage {unknown}
Books
 r - Vehumet's Tome of Confrontation
   (You found it on level 3 of the Dungeon)

   Spells                             Type                      Level
   a - Magic Dart                     Conjuration                  1
   Trog disapproves of the use of such an item.
 J - a book of Battle

   Spells                             Type                      Level
   a - Infusion                       Charms                       1
   b - Shroud of Golubria             Charms/Translocation         2
   c - Song of Slaying                Charms                       2
   d - Spectral Weapon                Hexes/Charms                 3
   e - Regeneration                   Charms/Necromancy            3
   Trog disapproves of the use of such an item.
 S - a Young Poisoner's Handbook

   Spells                             Type                      Level
   a - Sting                          Conjuration/Poison           1
   b - Mephitic Cloud                 Conjuration/Poison/Air       3
   c - Olgreb's Toxic Radiance        Poison                       4
   d - Alistair's Intoxication        Transmutation/Poison         5
   e - Venom Bolt                     Conjuration/Poison           5
   Trog disapproves of the use of such an item.
Comestibles
 g - 2 royal jellies
 j - 4 meat rations
 v - a bread ration
 K - a beef jerky


   Skills:
 * Level 11.2 Fighting
 - Level 7.4(9.3) Axes
 * Level 8.8(10.0) Maces & Flails
 + Level 8.3 Armour
 - Level 2.1 Dodging
 + Level 5.4 Shields


You had 9 spell levels left.
You didn't know any spells.

Dungeon Overview and Level Annotations

Branches:
Dungeon (10/15)            Temple (0/1) D:7            Lair (0/6) D:8
    Orc: D:9-12

Altars:
Ashenzari
Elyvilon
Fedhas
Hepliaklqana
Kikubaaqudgha
Makhleb
Qazlal
Ru
Sif Muna
Uskayaw
Vehumet
Xom
The Shining One


Innate Abilities, Weirdness & Mutations

You reflexively headbutt those who attack you in melee.
You have a pair of horns on your head.


Message History

Your shield and plate armour prevent you from hitting the very large slime creature.
You headbutt the very large slime creature!
The very large slime creature is heavily wounded.
The very large slime creature hits you!!
You sock the very large slime creature!
You headbutt the very large slime creature.
The very large slime creature is heavily wounded.
The very large slime creature hits you!!
* * * LOW HITPOINT WARNING * * *
You sock the very large slime creature!
The very large slime creature is heavily wounded.
You block the very large slime creature's attack.
You hit the very large slime creature.
The very large slime creature is severely wounded.
The very large slime creature hits you but does no damage.
You bludgeon the very large slime creature!!
You headbutt the very large slime creature!
The very large slime creature is almost dead.
The very large slime creature hits you!!
You die...

##.# ##..# #......
#..## ..... #.##
..... #.# ... #†# ...
#.# #J# #.# #J# ##.#
#@# ##..# #####'####
#..## #........#
##'###### #........#
........####........+
........#..'........#
..........##........#
#########.##........#
#.##........#


You could see 2 very large slime creatures.

Vanquished Creatures
  Pikel (D:7)
  A troll (D:10)
  A wraith (D:10)
  3 yaks (D:10)
  Eustachio (D:4)
  A hungry ghost (D:7)
  Menkaure (D:4)
  Edmund (D:6)
  2 orc warriors
  2 ice beasts
  A black bear (D:10)
  A slave (D:7)
  A phantom (D:8)
  3 centaurs
  3 ogres
  A big kobold (D:10)
  3 bullfrogs
  6 killer bees (D:10)
  3 wights (D:6)
  2 howler monkeys
  2 crimson imps
  4 hounds
  A quasit (D:6)
  2 centaur zombies
  2 gnoll shamans
  4 orc priests
  Crazy Yiuf (D:4)
  A centaur skeleton (D:4)
  2 jellies (D:10)
  2 iguanas (D:4)
  11 orc wizards
  7 worker ants
  A worker ant zombie (D:6)
  10 gnolls
  2 howler monkey skeletons
  6 adders
  An adder skeleton (D:4)
  6 worms
  2 dart slugs
  5 leopard geckos
  29 orcs
  11 bats
  4 giant cockroaches
  6 hobgoblins
  22 jackals
  2 quokkas
  A ball python skeleton (D:5)
  6 frilled lizards
  A giant cockroach zombie (D:6)
  5 goblins
  12 kobolds
  4 rats
  2 fungi (D:4)
215 creatures vanquished.

Vanquished Creatures (others)
  A slave (D:7)
1 creature vanquished.

Grand Total: 216 creatures vanquished

Notes
Turn   | Place    | Note
-------+----------+-------------------------------------------
     0 | D:1      | JiminyMac the Minotaur Berserker began the quest for the Orb.
     0 | D:1      | Reached XP level 1. HP: 19/19 MP: 0/0
   392 | D:1      | Reached skill level 4 in Fighting
   392 | D:1      | Reached XP level 2. HP: 27/27 MP: 1/1
   601 | D:1      | Reached ** piety under Trog
   604 | D:1      | Reached XP level 3. HP: 16/34 MP: 2/2
  1364 | D:2      | Found a sacrificial altar of Ru.
  1483 | D:2      | Reached skill level 5 in Fighting
  1523 | D:2      | Reached XP level 4. HP: 42/42 MP: 3/3
  2001 | D:3      | Found a hide-covered altar of Uskayaw.
  2180 | D:3      | Found a radiant altar of Vehumet.
  2180 | D:3      | Found an ancient bone altar of Kikubaaqudgha.
  2181 | D:3      | Found a deep blue altar of Sif Muna.
  2191 | D:3      | Identified Vehumet's Tome of Confrontation
  2263 | D:3      | Reached skill level 5 in Axes
  2324 | D:3      | Found a shimmering altar of Xom.
  2326 | D:3      | Found a shimmering altar of Xom.
  2327 | D:3      | Found a shimmering altar of Xom.
  2329 | D:3      | Found a shimmering altar of Xom.
  2331 | D:3      | Found a shimmering altar of Xom.
  2505 | D:3      | You fall through a shaft!
  2510 | D:4      | Reached XP level 5. HP: 41/48 MP: 4/4
  2599 | D:4      | Noticed Eustachio
  2634 | D:4      | Killed Eustachio
  2634 | D:4      | Reached skill level 6 in Fighting
  2634 | D:4      | Reached XP level 6. HP: 57/57 MP: 5/5
  2689 | D:4      | Reached *** piety under Trog
  3075 | D:4      | Noticed Menkaure
  3076 | D:4      | Reached XP level 7. HP: 38/64 MP: 6/6
  3076 | D:4      | Reached skill level 7 in Fighting
  3082 | D:4      | Killed Menkaure
  3131 | D:5      | Entered Level 5 of the Dungeon
  3232 | D:4      | Reached skill level 5 in Armour
  3790 | D:4      | Reached skill level 1 in Maces & Flails
  4060 | D:4      | Found a runed door.
  4064 | D:4      | Noticed Crazy Yiuf
  4068 | D:4      | Killed Crazy Yiuf
  4074 | D:4      | Got a bone mace
  4075 | D:4      | Identified the +12 mace "Dragonslayer" {crush, -Tele rPois SInv} (You found it on level 4 of the Dungeon)
  4199 | D:4      | Reached skill level 8 in Fighting
  4199 | D:4      | Reached XP level 8. HP: 34/74 MP: 7/7
  4395 | D:5      | Reached **** piety under Trog
  4928 | D:5      | Found a burning altar of Makhleb.
  4928 | D:5      | Found a glowing golden altar of the Shining One.
  4929 | D:5      | Found a hazy altar of Hepliaklqana.
  5151 | D:6      | Noticed Edmund
  5163 | D:6      | Reached skill level 1 in Shields
  5166 | D:6      | Killed Edmund
  5166 | D:6      | Reached skill level 9 in Fighting
  5517 | D:6      | Found a shattered altar of Ashenzari.
  5523 | D:6      | Reached skill level 5 in Maces & Flails
  5806 | D:6      | Reached XP level 9. HP: 84/84 MP: 8/8
  6403 | D:6      | Found a white marble altar of Elyvilon.
  6643 | D:7      | Found a staircase to the Ecumenical Temple.
  6671 | D:7      | Found a blossoming altar of Fedhas.
  6859 | D:7      | Noticed Pikel
  6870 | D:7      | Killed Pikel
  6870 | D:7      | Reached skill level 10 in Fighting
  7490 | D:8      | Found a stormy altar of Qazlal.
  7501 | D:8      | Reached ***** piety under Trog
  7785 | D:8      | Found a staircase to the Lair.
  8049 | D:9      | You fall through a shaft!
  8049 | D:10     | Entered Level 10 of the Dungeon
  8058 | D:10     | Noticed a troll
  8060 | D:10     | Killed a troll
  8173 | D:10     | Reached skill level 5 in Shields
  8173 | D:10     | Reached XP level 10. HP: 77/94 MP: 9/9
  8300 | D:10     | Reached skill level 11 in Fighting
  8472 | D:9      | Annihilated by a very large slime creature

Skill      XL: |  1  2  3  4  5  6  7  8  9 10 |
---------------+-------------------------------+-----
Fighting       | 4 5 6 8 9 10 11 | 11.2
Axes           | 4 5 6 7 |  7.4
Armour         | 3 4 5 6 7 8 |  8.3
Maces & Flails | 2 5 8 |  8.8
Shields        | 2 5 |  5.4
Dodging        | |  2.1

Action                   |  1- 3 |  4- 6 |  7- 9 | 10-12 || total
-------------------------+-------+-------+-------+-------++-------
Melee: Hand axe          |    96 |   114 |    23 |       ||   233
       Headbutt          |    16 |    27 |    34 |    10 ||    87
       Whip              |       |       |    28 |       ||    28
       Mace              |       |       |   149 |    47 ||   196
       War axe           |       |       |    25 |       ||    25
Invok: Berserk           |       |     2 |     2 |       ||     4
  Use: Scroll            |       |       |     4 |       ||     4
  Eat: Bread ration      |     1 |       |     4 |       ||     5
       Pizza             |       |     1 |     1 |       ||     2
       Meat ration       |       |     1 |       |       ||     1
       Beef jerky        |       |       |     2 |       ||     2
Armor: Animal skin       |    10 |       |       |       ||    10
       Ring mail         |    14 |     2 |       |       ||    16
       Plate armour      |       |    71 |   135 |    16 ||   222
Dodge: Dodged            |    53 |    36 |    77 |    14 ||   180
Block: Shield            |       |       |    71 |    28 ||    99
